 Dungeon Crawl Stone Soup version 0.29.1-1-gd02db6906a (webtiles) character file.

Game seed: 4011151690702326778

256 corgi the Shooter (level 6, 0/37 HPs)
             Began as a Kobold Hunter on Oct 8, 2022.
             Succumbed to a killer bee's poison
             ... on level 4 of the Dungeon.
             The game lasted 00:14:22 (3944 turns).

corgi the Shooter (Kobold Hunter)                   Turns: 3944, Time: 00:14:22

Health: 0/37       AC:  7    Str:  9    XL:     6   Next: 38%
Magic:  6/6        EV: 16    Int: 10    God:
Gold:   188        SH:  0    Dex: 20    Spells: 5/5 levels left

rFire   . . .      SeeInvis .   h - +1 dagger (elec)
rCold   . . .      Faith    .   (no shield)
rNeg    . . .      Spirit   .   c - +0 leather armour
rPois   .          Reflect  .   j - +0 helmet
rElec   +          Harm     .   k - +0 cloak
rCorr   .          Rampage  .   (no gloves)
Will    .....                   e - +1 pair of boots
Stlth   ++++......              (no amulet)
HPRegen 0.12/turn               (no ring)
MPRegen 0.10/turn               (no ring)

@: lethally poisoned (0 -> -19), about to teleport
A: small, no large weapons, nightstalker 3, electricity resistance
a: no special abilities


You were on level 4 of the Dungeon.
You visited 1 branch of the dungeon, and saw 4 of its levels.

You collected 188 gold pieces.

Inventory:

Hand Weapons
 a - a +1 shortbow
 b - a +1 dagger of venom
 h - a +1 dagger of electrocution (weapon)
Missiles
 n - 4 boomerangs of dispersal
Armour
 c - a +0 leather armour (worn)
 e - a +1 pair of boots (worn)
 j - a +0 helmet (worn)
 k - a +0 cloak (worn)
 o - a +0 buckler
Jewellery
 l - a +6 ring of intelligence
Wands
 f - a wand of flame (12)
Scrolls
 d - a scroll of immolation
 m - 3 scrolls of vulnerability {unknown}


   Skills:
 + Level 3.6 Fighting
 - Level 1.3 Short Blades
 + Level 6.3 Ranged Weapons
 + Level 4.0 Dodging
 * Level 5.1 Stealth


You had 5 spell levels left.
You didn't know any spells.
Your spell library contained the following spells:

 Spells                   Type           Power      Damage    Failure   Level
 Magic Dart               Conj           0%         1d3       47%         1
 Searing Ray              Conj           0%         2d4       63%         2
 Fulminant Prism          Conj/Hex       0%         3d6       99%         4


Dungeon Overview and Level Annotations

Branches:
Dungeon (4/15)
 Temple: D:4-7

Altars:
Wu Jian
Xom

Shops:
D:3 :


Innate Abilities, Weirdness & Mutations

You are small and have problems with some larger weapons.
You are completely attuned to the shadows.
You are resistant to electric shocks. (rElec)


Message History

The killer bee is lightly wounded.
The killer bee misses you. x2
You miss the killer bee.
The killer bee is lightly wounded.
The killer bee barely misses you. The killer bee stings you.
You are poisoned.
The killer bee poisons you!
You hit the killer bee.
The killer bee is moderately wounded.
You feel sick. The killer bee stings you. The killer bee closely misses you.
The killer bee buzzes angrily.
You closely miss the killer bee.
The killer bee is moderately wounded.
You feel sick. The killer bee misses you. The killer bee completely misses you.
The killer bee stings you. x2
You are more poisoned.
The killer bee poisons you!
Really read the scroll of immolation?
Okay, then.
As you read the scroll labelled NOBILA KIDU, it crumbles to dust.
You hear the tinkle of a tiny bell.
It was a scroll of butterflies.
You feel very sick. The killer bee stings you.
You are lethally poisoned!
The killer bee poisons you! The killer bee misses you.
The killer bee closely misses you. The killer bee stings you.
* * * LOW HITPOINT WARNING * * *
As you read the scroll labelled EGOKI MOSEFIUW, it crumbles to dust.
You feel strangely unstable.
It was a scroll of teleportation.
* * * LOW HITPOINT WARNING * * *
You feel very sick. The killer bee stings you.
* * * LOW HITPOINT WARNING * * *
You are more poisoned.
The killer bee poisons you! The killer bee barely misses you.
The killer bee stings you but does no damage.
The killer bee barely misses you.
You closely miss the killer bee.
The killer bee is moderately wounded.
You die...

# ##..>## # ######..##.# #####
####........#.# #....
............#.###################
†###.###.#..................#
.###.###.#...######.#.#####.#
.##......#...#..........# #.#
.............#.####.....###.#
.##..##......bry@y..........#
.##..# #. .#b.###b.b...###.##
.....# #.. #......# #..# .###.#
#.. #.##.### ##.#≈≈# #r. #.##.#
#.#≈≈≈ .####.##.# #.#≈≈≈
yyy<<....# #.#≈≈≈ #y########
#.~≈≈P ###..≈≈~


You could see 2 killer bees and a quokka (ally target).

Vanquished Creatures
  A necrophage (D:4)
  A killer bee (D:3)
  Natasha (thrice) (D:4)
  An adder (D:2)
  4 dart slugs
  2 orcs (D:4)
  7 ball pythons
  6 endoplasms
  A giant cockroach (D:4)
  8 hobgoblins
  4 jackals (D:1)
  5 kobolds
  A quokka (D:1)
  3 bats
  2 frilled lizards
  6 goblins
  3 rats
58 creatures vanquished.

Notes
Turn   | Place    | Note
-------+----------+-------------------------------------------
     0 | D:1      | corgi the Kobold Hunter began the quest for the Orb.
     0 | D:1      | Reached XP level 1. HP: 12/12 MP: 1/1
   255 | D:1      | Reached XP level 2. HP: 18/18 MP: 2/2
   396 | D:1      | Reached skill level 1 in Short Blades
   400 | D:1      | Reached XP level 3. HP: 22/22 MP: 3/3
   593 | D:1      | Found a faded altar of an unknown god.
  1112 | D:2      | Found a shimmering altar of Xom.
  1326 | D:2      | Reached XP level 4. HP: 27/27 MP: 4/4
  2145 | D:3      | Found Taloures's Book Boutique.
  2472 | D:3      | Found a shimmering altar of Xom.
  2521 | D:3      | Found an ornate altar of the Wu Jian Council.
  2737 | D:4      | Noticed Natasha
  2746 | D:4      | Killed Natasha
  2862 | D:4      | Noticed Natasha
  2868 | D:4      | Killed Natasha
  2869 | D:4      | Reached XP level 5. HP: 24/32 MP: 5/5
  3012 | D:4      | Noticed Natasha
  3021 | D:4      | Killed Natasha
  3022 | D:4      | Reached skill level 6 in Ranged Weapons
  3461 | D:4      | Reached XP level 6. HP: 30/37 MP: 6/6
  3641 | D:3      | Reached skill level 5 in Stealth
  3641 | D:3      | Gained mutation: You are resistant to electric shocks.
                  | (rElec) [potion of mutation]
  3944 | D:4      | Succumbed to a killer bee's poison

Illustrated notes

Levels and vault maps discovered:
D:1:      wheals_arrival_shading, layout_loops_ring,
          chequers_ecumenical_altar_simple
D:2:      layout_basic, basic_altar
D:3:      layout_loops_ring, mainiacjoe_overflow_brackets, lemuel_crystal_altar,
          serial_shops, shop
D:4:      minmay_chambers_of_twos, layout_loops_ring,
          lemuel_zombie_altar_yredelemnul, chequers_big_river,
          roderic_roman_lattice, uniq_natasha

Skill      XL: |  1  2  3  4  5  6 |
---------------+-------------------+-----
Stealth        | 2 3 4 5 |  5.1
Short Blades   | 1 |  1.3
Dodging        | 3 4 |  4.0
Fighting       | 3 |  3.6
Ranged Weapons | 6 |  6.3

Action                   |  1- 3 |  4- 6 || total
-------------------------+-------+-------++-------
Melee: Dagger            |     6 |    38 ||    44
 Fire: Shortbow          |    66 |    45 ||   111
  Use: Potion            |       |     6 ||     6
       Scroll            |       |     5 ||     5
 Stab: Sleeping          |     1 |       ||     1
Armor: Leather armour    |     7 |    11 ||    18
Dodge: Dodged            |    18 |    41 ||    59
